 Dungeon Crawl Stone Soup version 0.30-a0-279-g4b46babb21 (webtiles) character file.

Game seed: 1682140679941068354

144 BlueGoblin the Firebug (level 5, -8/58 HPs)
             Began as a Draconian Fire Elementalist on Oct 16, 2022.
             Engulfed by a cloud of flame (11 damage)
             ... on level 3 of the Dungeon.
             The game lasted 00:06:01 (3196 turns).

BlueGoblin the Firebug (DrFE)                       Turns: 3196, Time: 00:06:02

Health: -8/58      AC: 22    Str: 10    XL:     5   Next: 5%
Magic:  2/9        EV:  2    Int: 18    God:
Gold:   32         SH:  0    Dex: 11    Spells: 6/10 levels left

rFire   . . .      SeeInvis .    h - +1 short sword (flame)
rCold   . . .      Faith    .    (no shield)
rNeg    . . .      Spirit   .    (body armour unavailable)
rPois   +          Reflect  .    (helmet currently unavailable)
rElec   .          Harm     .    (cloak currently unavailable)
rCorr   .          Rampage  .    (gloves currently unavailable)
Will    .....      NoTele   +    (boots currently unavailable)
Stlth   ++........               e - amulet of regeneration
HPRegen 1.09/turn                (no ring)
MPRegen 0.11/turn                (no ring)

@: tree-form
A: stationary, stasis, torment immunity, boosted hp, AC +5, unfitting armour,
(cold-blooded)
a: no special abilities


You were on level 3 of the Dungeon.
You were a tree.
You visited 1 branch of the dungeon, and saw 3 of its levels.

You collected 32 gold pieces.

Inventory:

Hand Weapons
 b - a +0 short sword
 h - a +1 short sword of flaming (weapon)
Armour
 j - the +6 tower shield of Gozag's Approval {*Slow rPois rN+ Dex+2}
   (You found it on level 2 of the Dungeon)

   Dex:       It affects your dexterity (+2).
   rPois:     It protects you from poison.
   rN:        It protects you from negative energy.
   *Slow:     It may slow you when you take damage.
 k - a +0 pair of gloves (melded)
Jewellery
 e - an amulet of regeneration (around neck)
Wands
 d - a wand of polymorph (5)
Potions
 a - a potion of magic
 c - a potion of brilliance {unknown}
 f - a potion of lignification
 g - a potion of heal wounds {unknown}


   Skills:
 + Level 0.6 Fighting
 + Level 2.0 Dodging
 - Level 1.7 Stealth
 + Level 3.2 Spellcasting
 - Level 1.0 Conjurations
 * Level 2.0 Hexes
 + Level 4.0 Fire Magic


You had 6 spell levels left.
You knew the following spells:

 Your Spells              Type           Power      Damage    Failure   Level
a - Foxfire               Conj/Fire      44%        2x1d6     6%          1
b - Inner Flame           Hex/Fire       13%        N/A       14%         3

Your spell library contained the following spells:

 Spells                   Type           Power      Damage    Failure   Level
 Scorch                   Fire           34%        2d7       4%          2
 Kindle Blastsparks       Fire/Tloc/Air  14%        2d11      28%         3
 Flame Wave               Conj/Fire      11%        2d6       50%         4
 Cause Fear               Hex            5%         N/A       56%         4
 Discord                  Hex            5%         N/A       100%        8


Dungeon Overview and Level Annotations

Branches:
Dungeon (3/15)

Altars:


Innate Abilities, Weirdness & Mutations

You are a tree.
Your roots penetrate the ground, keeping you stationary.
You cannot be teleported.
You are immune to unholy pain and torment.
Your maximum health is greatly increased.
Your equipment is partially melded.
((Your plain brown scales are hard. (AC +5)))
You cannot fit into any form of body armour.
((You are cold-blooded and may be slowed by cold attacks.))


Message History

You hit the orc. You burn the orc.
The orc is severely wounded.
The gnoll hits you with a +0 whip. The orc hits you but does no damage.
The gnoll hits you but does no damage.
You hit the orc. You burn the orc.
You kill the orc!
The gnoll hits you with a +0 whip. The gnoll hits you but does no damage.
Casting: Foxfire (safe; 6% risk of failure)
Confirm with . or Enter, or press ? or * to list all spells.
Aiming: Inner Flame (dangerous; 14% risk of failure)
Press: ? - help, Dir - move target, f - orc
Aim: an orc, wielding a +0 whip (chance to affect: 80%)
The orc is filled with an inner flame.
The gnoll hits you but does no damage. The orc barely misses you.
The gnoll hits you but does no damage.
Unknown command.
You closely miss the orc. The gnoll hits you but does no damage.
The orc hits you but does no damage. The gnoll hits you but does no damage.
Unknown command.
You closely miss the orc. The gnoll barely misses you.
The orc hits you but does no damage. The gnoll hits you but does no damage.
You barely miss the orc. The gnoll hits you but does no damage.
The orc completely misses you. The gnoll hits you but does no damage.
You hit the orc.
Flame seeps out of the orc.
You burn the orc.
Flame seeps out of the orc.
The orc is heavily wounded.
The gnoll hits you but does no damage.
The orc is engulfed in blazing flames.
The orc explodes!
The fiery explosion engulfs you!!
Ouch! That really hurt!
* * * LOW HITPOINT WARNING * * *
The fiery explosion engulfs the jackal!!
You kill the jackal!
The gnoll hits you but does no damage.
You hear a shout! x3
Your Fire Magic skill increases to level 4!
Unknown command.
Unknown command.
Unknown command.
You are engulfed in blazing flames.
You die...

#.............[##.#
#.....⌠..####.....#
#..>...)..###.#####
#.....⌠.....<.#
#........###### .
#..⌠..#.##### ..
###....#.#... #..#
.........#g#######...#
..........{gg♣○§.?.#
..........o####...##
...........#ho..###
..........>o.####
############...#
.^....o†........
................
.....8.......8..
............g...


You could see 2 gnolls, an orc and a goblin.

Vanquished Creatures
  Natasha (thrice) (D:2)
  A worm (D:2)
  A dart slug (D:2)
  3 orcs (D:3)
  4 endoplasms
  2 giant cockroaches
  5 goblins
  4 hobgoblins
  6 jackals
  7 kobolds
  5 quokkas
  6 ball pythons
  5 bats
  A frilled lizard (D:1)
  5 rats
58 creatures vanquished.

Vanquished Creatures (others)
  199 foxfires
199 creatures vanquished.

Grand Total: 257 creatures vanquished

Notes
Turn   | Place    | Note
-------+----------+-------------------------------------------
     0 | D:1      | BlueGoblin the Draconian Fire Elementalist began the quest
                  | for the Orb.
     0 | D:1      | Reached XP level 1. HP: 14/14 MP: 3/3
   239 | D:1      | Reached XP level 2. HP: 20/20 MP: 0/5
   315 | D:1      | Reached skill level 1 in Hexes
  1592 | D:2      | Reached XP level 3. HP: 23/26 MP: 3/6
  2289 | D:2      | Identified the +6 tower shield of Gozag's Approval {*Slow
                  | rPois rN+ Dex+2}
  2301 | D:2      | Noticed Natasha
  2306 | D:2      | Killed Natasha
  2307 | D:2      | Reached XP level 4. HP: 29/34 MP: 3/8
  2593 | D:2      | Noticed Natasha
  2602 | D:2      | Killed Natasha
  2684 | D:2      | Noticed Natasha
  2690 | D:2      | Killed Natasha
  2929 | D:2      | Learned a level 3 spell: Inner Flame
  3166 | D:3      | Reached XP level 5. HP: 39/39 MP: 1/9
  3196 | D:3      | Reached skill level 4 in Fire Magic
  3196 | D:3      | Engulfed by a cloud of flame

Illustrated notes

Levels and vault maps discovered:
D:1:      pf_arrival_petrified_forest, layout_basic, dk_noncrumbling_4,
          dreamdust_mushroom_princess, minmay_misc_feat_tower,
          chequers_decorated_corner, kennysheep_doodads
D:2:      layout_basic, uniq_natasha
D:3:      wad_pebble_path, layout_basic, grunt_ministairs_9,
          kennysheep_jessica_study, uniq_robin

Skill      XL: |  1  2  3  4  5 |
---------------+----------------+-----
Hexes          | 1 2 |  2.0
Dodging        | 2 |  2.0
Spellcasting   | 3 |  3.2
Fire Magic     | 4 |  4.0
Fighting       | |  0.6
Stealth        | |  1.7
Conjurations   | |  1.0

Action                   |  1- 3 |  4- 6 || total
-------------------------+-------+-------++-------
Melee: Short sword       |    41 |    42 ||    83
       Unarmed           |     3 |       ||     3
       Tailslap          |     2 |     2 ||     4
 Cast: Foxfire           |    89 |    40 ||   129
       Inner Flame       |       |     1 ||     1
  Use: Scroll            |       |     2 ||     2
       Potion            |       |     1 ||     1
Armor: Skin              |    16 |    49 ||    65
Dodge: Dodged            |    40 |    36 ||    76

Table legend: (Time is in decaauts)
 A = Elapsed time spent in this place.
 B = Non-inter-level travel time spent in this place.
 C = Inter-level travel time spent in this place.
 D = Time resting spent in this place.
 E = Time spent auto-exploring this place.
 F = Levels seen in this place.
 G = Mean time per level.
                   A        B        C        D        E       F      G
               +--------+--------+--------+--------+--------+-----+--------+
         Total |   3194 |   2915 |    279 |      0 |   2532 |   3 | 1064.7 |
       Dungeon |   3194 |   2915 |    279 |      0 |   2532 |   3 | 1064.7 |
               +--------+--------+--------+--------+--------+-----+--------+

Top non-repeatable levels by time:
     D:1: 1553 daAuts
     D:2: 1435 daAuts
     D:3: 205 daAuts
